 Dungeon Crawl Stone Soup version 0.22-a0-379-ga9d99d6 (webtiles) character file.

294 sankara the Grave Robber (level 6, 45/45 HPs)
             Began as a Hill Orc Necromancer on Apr 26, 2018.
             Got out of the dungeon alive.
             The game lasted 00:16:23 (4861 turns).

sankara the Grave Robber (Hill Orc Necromancer)     Turns: 4861, Time: 00:16:24

Health: 45/45      AC:  4    Str: 11    XL:     6   Next: 33%
Magic:  10/10      EV: 12    Int: 17    God:
Gold:   173        SH:  0    Dex: 11    Spells: 6/11 levels left

rFire    . . .     SeeInvis .   a - +2 dagger (elec)
rCold    . . .     Gourm    .   (no shield)
rNeg     . . .     Faith    .   b - +0 robe
rPois    .         Spirit   .   t - +0 helmet
rElec    .         Reflect  .   q - +0 cloak
rCorr    .         Harm     .   (no gloves)
MR       +....                  (no boots)
Stlth    ++........             (no amulet)
HPRegen  0.15/turn              i - ring of protection from magic {MR+, !d}
MPRegen  0.12/turn              (no ring)

@: no status effects
A: no striking features
a: no special abilities


You escaped.
You were not hungry.

You visited 1 branch of the dungeon, and saw 3 of its levels.

You collected 173 gold pieces.

Inventory:

Hand Weapons
 a - a +2 dagger of electrocution (weapon)
   (You found it on level 2 of the Dungeon)
 k - a +0 hunting sling
   (You found it on level 1 of the Dungeon)
 l - a +0 dagger of protection
   (You took it off a goblin on level 2 of the Dungeon)
 m - a +0 dagger
   (You found it on level 2 of the Dungeon)
 n - a +0 dagger
   (You found it on level 1 of the Dungeon)
 s - a +0 war axe
   (You found it on level 2 of the Dungeon)
Missiles
 e - 24 stones (quivered)
 o - 8 tomahawks of returning
Armour
 b - a +0 robe (worn)
 q - a +0 cloak (worn)
   (You took it off Crazy Yiuf on level 2 of the Dungeon)
 t - a +0 helmet (worn)
   (You took it off Robin on level 2 of the Dungeon)
Jewellery
 i - a ring of protection from magic (left hand) {MR+, !d}
   (You found it on level 1 of the Dungeon)
Wands
 r - a wand of polymorph (11)
   (You found it on level 3 of the Dungeon)
Scrolls
 p - 2 scrolls of identify
 w - a scroll of teleportation
Potions
 d - a potion of flight {unknown}
 f - 2 potions of mutation {!q}
 g - a potion of heal wounds {unknown}
 h - a potion of lignification {unknown}
 j - a potion of brilliance {unknown}
Comestibles
 c - 8 rations


   Skills:
 - Level 2.2 Dodging
 - Level 2.2 Stealth
 + Level 3.3 Spellcasting
 + Level 5.6 Necromancy


You had 6 spell levels left.
You knew the following spells:

 Your Spells              Type           Power        Failure   Level  Hunger
a - Pain                  Necr           ###.         1%          1    None
b - Animate Skeleton      Necr           N/A          1%          1    None
c - Vampiric Draining     Necr           ###.......   4%          3    ###....


Dungeon Overview and Level Annotations

Branches:
Dungeon (3/15)

Altars:

Annotations:
D:3 seren's ghost, amateur BaFi


Message History

Casting: Pain (safe; 1% risk of failure)
Confirm with . or Enter, or press ? or * to list all spells.
Aiming: Pain (safe; 1% risk of failure)
Press: ? - help, Shift-Dir - straight line, f/p - orc wizard
Aim: an orc wizard, wielding a dagger and wearing a robe (almost dead, fast, chance to defeat MR: 80%)
The orc wizard writhes in agony!
You kill the orc wizard!
Things that are here:
a dagger; a robe; 13 gold pieces There isn't anything to butcher here.
There is a stone staircase leading down here.
Your magical contamination has completely faded away.
There is a stone staircase leading down here.
You start resting.
Magic restored.
You are near starving!
You start resting.
HP restored.
Save game and exit?
Welcome back, sankara the Hill Orc Necromancer.
Press ? for a list of commands and other information.
You now have 173 gold pieces (gained 13).
Things that are here:
a robe; a dagger
There is a stone staircase leading down here.
You see here a club.
There is a stone staircase leading up here.
There is an open door here.
Done exploring.
Done exploring.
There is an open door here.
You see here a quarterstaff of chaos.
There is a stone staircase leading down here.
You climb downwards.
Level annotation: seren's ghost, amateur BaFi
There is a stone staircase leading up here.
Cast which spell? (? or * to list)
Aiming: Pain (safe; 1% risk of failure)
Press: ? - help, Shift-Dir - straight line, f - giant cockroach
Aim: a giant cockroach (chance to defeat MR: 91%)
The giant cockroach writhes in agony!
Casting: Pain (safe; 1% risk of failure)
Confirm with . or Enter, or press ? or * to list all spells.
You can't see any susceptible monsters within range! (Use Z to cast anyway.) Unknown command.
Seren's ghost hits you!
You climb upwards.
There is a stone staircase leading down here.
Things that are here:
a club x2
Magic restored.
You see here 15 bolts.
There is a stone staircase leading down here.
You climb downwards.
Level annotation: seren's ghost, amateur BaFi
There is a stone staircase leading up here.
Casting: Pain (safe; 1% risk of failure)
Confirm with . or Enter, or press ? or * to list all spells.
Aiming: Pain (safe; 1% risk of failure)
Press: ? - help, Shift-Dir - straight line, f - giant cockroach
Aim: a giant cockroach (chance to defeat MR: 91%)
The giant cockroach writhes in agony!
You kill the giant cockroach!
Evoke which item? (* to show all) (? for menu, Esc to quit)
Aiming: Polymorph
Press: ? - help, Shift-Dir - straight line, f - seren's ghost
Aim: seren's ghost (chance to defeat MR: 40%) Seren's ghost is unaffected.
Casting: Pain (safe; 1% risk of failure)
Confirm with . or Enter, or press ? or * to list all spells.
You don't know that spell.
Okay, then.
Unknown command.
Evoke which item? (* to show all) (? for menu, Esc to quit)
Aiming: Polymorph
Press: ? - help, Shift-Dir - straight line, f/p - seren's ghost
Aim: seren's ghost (chance to defeat MR: 40%) Seren's ghost is unaffected.
Evoke which item? (* to show all) (? for menu, Esc to quit)
Aiming: Polymorph
Press: ? - help, Shift-Dir - straight line, f/p - seren's ghost
Aim: seren's ghost (chance to defeat MR: 40%) Seren's ghost is unaffected.
Seren's ghost screams, "Don't try to defend!
You have no chance!"
You climb upwards.
There is a stone staircase leading down here.
Magic restored.
You are starving!
Unknown command.
Unknown command.
Unknown command.
HP restored.
There is a stone staircase leading up here.
You climb upwards.
There is a stone staircase leading down here.
You eat one of the 9 rations.
That ration really hit the spot!
There is an open door here.
There is a staircase leading out of the dungeon here.
Are you sure you want to leave the Dungeon?
This will make you lose the game!
You have escaped!

##.......[.............# #.#
##......##...........#.###.#
+.......''...........#..##.#
##......##...........##.##.#
##########...........##..#.#
## #....................# .#
#..P#≈#P.....P#≈#P...# .#
#.P##≈##P...P##≈##P..# .#
#..≈≈≈≈≈..@..≈≈≈≈≈...# .#
#.P##≈##P...P##≈##P..# .#
#..P#≈#P.....P#≈#P...# ##
#....................#
#########............#
##############


There were no monsters in sight!

Vanquished Creatures
  Crazy Yiuf (D:2)
  An orc wizard (D:2)
  Jessica (D:2)
  Robin (D:2)
  3 adders (D:3)
  An ooze (D:1)
  3 dart slugs (D:1)
  3 leopard geckos (D:2)
  3 orcs (D:3)
  3 giant cockroaches
  11 goblins
  14 hobgoblins
  8 jackals
  A quokka (D:3)
  8 bats
  5 frilled lizards
  2 kobolds
  A leopard gecko skeleton (D:3)
  8 rats
78 creatures vanquished.

Vanquished Creatures (collateral kills)
  An ice beast (D:2)
1 creature vanquished.

Grand Total: 79 creatures vanquished

Notes
Turn   | Place    | Note
-------+----------+-------------------------------------------
     0 | D:1      | sankara the Hill Orc Necromancer began the quest for the Orb.
     0 | D:1      | Reached XP level 1. HP: 14/14 MP: 3/3
   390 | D:1      | Reached XP level 2. HP: 19/20 MP: 1/4
   424 | D:1      | Learned a level 1 spell: Animate Skeleton
   937 | D:1      | Reached skill level 2 in Stealth
   989 | D:1      | HP: 4/20 [goblin/dagger (2)]
   990 | D:1      | Reached XP level 3. HP: 5/26 MP: 0/5
  1380 | D:1      | Reached skill level 2 in Dodging
  1905 | D:1      | Learned a level 3 spell: Vampiric Draining
  1988 | D:2      | Noticed Robin
  2057 | D:2      | Reached skill level 2 in Spellcasting
  2267 | D:2      | Killed Robin
  2267 | D:2      | Reached XP level 4. HP: 15/33 MP: 0/7
  2268 | D:2      | HP: 8/33 [goblin/dagger of protection[Robin] (2)]
  3017 | D:2      | Noticed Jessica
  3019 | D:2      | Killed Jessica
  3390 | D:2      | Found a runed door.
  3413 | D:2      | Noticed an ice beast
  3603 | D:2      | Noticed Crazy Yiuf
  3608 | D:2      | Killed Crazy Yiuf
  3608 | D:2      | Reached XP level 5. HP: 35/38 MP: 2/8
  3710 | D:2      | Killed an ice beast
  3710 | D:2      | Reached skill level 3 in Spellcasting
  3710 | D:2      | Reached skill level 5 in Necromancy
  3913 | D:3      | Reached XP level 6. HP: 44/45 MP: 7/10
  4228 | D:3      | Noticed seren's ghost (amateur BaFi)
  4252 | D:3      | HP: 6/45 [something/magic dart (8)]
  4634 | D:2      | Upgraded the game from 0.22-a0-374-g5dfd9e3 to 0.22-a0-379-ga9d99d6
  4861 | D:$      | Got out of the dungeon alive.

Vault maps used:
D:1:      eino_arrival_water_cross
D:2:      first_ration, minmay_misc_feat_cross, minmay_misc_feat_nine_boxes,
          bh_walls_and_bars, uniq_robin, uniq_jessica, uniq_crazy_yiuf_cottage
D:3:      trog_book, uniq_natasha

Skill      XL: |  1  2  3  4  5 |
---------------+----------------+-----
Stealth        | 2 |  2.2
Dodging        | 2 |  2.2
Spellcasting   | 2 3 |  3.3
Necromancy     | 5 |  5.6

Action                   |  1- 3 |  4- 6 || total
-------------------------+-------+-------++-------
Melee: Dagger            |    18 |    24 ||    42
 Fire: Hunting sling     |     2 |       ||     2
 Cast: Pain              |    79 |    96 ||   175
       Animate Skeleton  |     1 |     8 ||     9
Evoke: Wand              |       |     3 ||     3
  Use: Scroll            |     2 |     3 ||     5
 Stab: Sleeping          |       |     1 ||     1
  Eat: Chunk             |     6 |     6 ||    12
       Ration            |       |     1 ||     1
Armor: Robe              |     5 |    12 ||    17
Dodge: Dodged            |    25 |    40 ||    65

Table legend:
 A = Spawn XP
 B = Non-spawn XP
 C = Spawn XP percentage of total XP
 D = Spawn monster count
 E = Non-spawn monster count
 F = Spawn count percentage of total count
 G = Total turns spent on level
                    A         B        C        D         E        F      G
               +---------+---------+-------+---------+---------+-------+---------
         Total |       0 |     420 |   0.0 |       0 |      79 |   0.0 |  4861
               +---------+---------+-------+---------+---------+-------+---------
           D:1 |       0 |      51 |   0.0 |       0 |      25 |   0.0 |  2231
           D:2 |       0 |     302 |   0.0 |       0 |      36 |   0.0 |  2192
           D:3 |       0 |      67 |   0.0 |       0 |      18 |   0.0 |   438
               +---------+---------+-------+---------+---------+-------+---------

Vault maps used:
D:1:      eino_arrival_water_cross
D:2:      first_ration, minmay_misc_feat_cross, minmay_misc_feat_nine_boxes,
          bh_walls_and_bars, uniq_robin, uniq_jessica, uniq_crazy_yiuf_cottage
D:3:      trog_book, uniq_natasha

Table legend:
 A = Turns spent in this place as a percentage of turns spent in the entire game.
 B = Non-inter-level travel turns spent in this place as a percentage of non-inter-level travel turns spent in the entire game.
 C = Inter-level travel turns spent in this place as a percentage of turns spent in this place.
 D = Turns resting spent in this place as a percentage of non-inter-level travel turns spent in this place.
 E = Turns spent auto-exploring this place as a percentage of non-inter-level travel turns spent in this place.
 F = Non-inter-level travel turns spent in this place divided by the number of levels of this place that you've seen.
                   A       B       C       D       E      F
               +-------+-------+-------+-------+-------+----------------------
         Total | 100.0 | 100.0 |   5.6 |  53.2 |  29.0 | 1530.3
       Dungeon | 100.0 | 100.0 |   5.6 |  53.2 |  29.0 | 1530.3
               +-------+-------+-------+-------+-------+----------------------

Table legend:
 A = Kills in this place as a percentage of kills in entire the game.
 B = Kills by you in this place as a percentage of kills by you in the entire game.
 C = Kills by friends in this place as a percentage of kills by friends in the entire game.
 D = Other kills in this place as a percentage of other kills in the entire game.
 E = Experience gained in this place as a percentage of experience gained in the entire game.
 F = Experience gained in this place divided by the number of levels of this place that you have seen.
                   A       B       C       D       E      F
               +-------+-------+-------+-------+-------+----------------------
         Total | 100.0 | 100.0 | 100.0 |   N/A | 100.0 | 140.0
       Dungeon | 100.0 | 100.0 | 100.0 |   N/A | 100.0 | 140.0
               +-------+-------+-------+-------+-------+----------------------
